[Event "ICCopen2017"]
[Site "Internet Chess Club"]
[Date "2017.03.25"]
[Round "4"]
[White "BryanL"]
[Black "SebasTian6"]
[Result "1-0"]
[ICCResult "Black forfeits on time"]
[WhiteElo "1973"]
[BlackElo "1557"]
[Opening "French: advance, Paulsen attack"]
[ECO "C02"]
[NIC "FR.03"]
[Time "14:39:24"]
[TimeControl "180+0"]

1. e4 e6 2. d4 d5 3. e5 c5 4. c3 Nc6 5. Nf3 g6 6. Be2 cxd4 7. cxd4 Bg7 8.
O-O Nge7 9. Bg5 O-O 10. Bb5 Bd7 11. Bxc6 Bxc6 12. Nc3 Re8 13. Nd2 Qd7 14.
Bxe7 Qxe7 15. Nb3 b6 16. Qd2 Rec8 17. Rac1 h6 18. g3 Rc7 19. Rc2 Rac8 20.
Rfc1 a5 21. Qd3 a4 22. Nd2 Qd7 23. a3 h5 24. Na2 Bf8 25. Qa6 Bb5 26. Rxc7
Rxc7 27. Qxb6 Rxc1+ 28. Nxc1 Bh6 29. f4 h4 30. Kf2 hxg3+ 31. hxg3 g5 32. Ke3
gxf4+ 33. gxf4 Bg7 34. Qc5 Bf8 35. Qc2 Bg7 36. Nf3 Qe7 37. Qc5 Qd7 38. Nd3
Bf8 39. Qc2 Bxd3 40. Qxd3 Qb7 41. Qc3 Be7 42. Ne1 Qa6 43. Nd3 Kg7 44. Qc2
Bh4 45. Qg2+ Kf8 46. Qg4 Be7 47. Qh5 Ke8 48. Qh8+ {Black forfeits on time}
1-0

[Event "ICCopen2017"]
[Site "Internet Chess Club"]
[Date "2017.03.25"]
[Round "4"]
[White "StevieMcStiefel"]
[Black "matemaker"]
[Result "1-0"]
[ICCResult "Black forfeits on time"]
[WhiteElo "1604"]
[BlackElo "1124"]
[Opening "Three knights: Winawer defense (Gothic defense)"]
[ECO "C40"]
[NIC "KP.09"]
[Time "14:40:06"]
[TimeControl "180+0"]

1. e4 e5 2. Nf3 f5 3. Nc3 Nc6 4. d4 f4 5. Nxe5 Nxe5 6. dxe5 Bc5 7. Bxf4
Bxf2+ 8. Kxf2 Qh4+ 9. Bg3 Qg5 10. Nd5 Kd8 11. h4 Qg6 12. Qd4 Nh6 13. h5 Rf8+
14. Bf4 Rxf4+ 15. Nxf4 Qg4 16. g3 Nf5 17. exf5 d6 18. Bh3 Qg5 19. exd6 Qf6
20. dxc7+ Kxc7 21. Nd5+ {Black forfeits on time} 1-0

[Event "ICCopen2017"]
[Site "Internet Chess Club"]
[Date "2017.03.25"]
[Round "4"]
[White "Natik"]
[Black "Montserrat"]
[Result "1-0"]
[ICCResult "Black forfeits on time"]
[WhiteElo "2444"]
[BlackElo "1873"]
[Opening "QGD"]
[ECO "D52"]
[NIC "QO.16"]
[Time "14:39:08"]
[TimeControl "180+0"]

1. d4 d5 2. c4 e6 3. Nc3 Nf6 4. Nf3 c6 5. Bg5 Nbd7 6. e3 Bb4 7. Bd3 Qa5 8.
Qc2 dxc4 9. Bxc4 Ne4 10. Qxe4 Bxc3+ 11. Ke2 Bxb2 12. Rab1 Ba3 13. Rb3 Be7
14. Bxe7 Qxa2+ 15. Nd2 Kxe7 16. Rxb7 Qa5 17. Rb2 Qc7 18. Qh4+ Nf6 19. e4 e5
20. Nf3 Bg4 21. Qg5 Kf8 22. dxe5 Bxf3+ 23. gxf3 Nd7 24. Rg1 Rg8 25. e6 Qe5
26. Qxe5 Nxe5 27. exf7 Rh8 28. Ba2 g6 29. f4 Nd7 30. e5 Kg7 31. Rb7 Nc5 32.
Rc7 Ne4 33. Kf3 Nd2+ 34. Ke3 Rad8 35. Rc1 Rhf8 36. R1xc6 Nf1+ 37. Ke2
{Black forfeits on time}
1-0

[Event "ICCopen2017"]
[Site "Internet Chess Club"]
[Date "2017.03.25"]
[Round "4"]
[White "ibarra"]
[Black "lagarto300"]
[Result "1-0"]
[ICCResult "Black forfeits on time"]
[WhiteElo "2756"]
[BlackElo "1969"]
[Opening "Ruy Lopez: exchange, Gligoric variation"]
[ECO "C69"]
[NIC "RL.08"]
[Time "14:39:41"]
[TimeControl "180+0"]

1. e4 e5 2. Nf3 Nc6 3. Bb5 a6 4. Bxc6 dxc6 5. O-O f6 6. d4 Bg4 7. c3 Bd6 8.
h3 Bh5 9. Nbd2 Qe7 10. Re1 Nh6 11. Qb3 O-O-O 12. Re3 Bf7 13. Qc2 Be6 14. b3
Nf7 15. Bb2 g5 16. dxe5 Nxe5 17. Nd4 Bd7 18. Rae1 h5 19. Nf5 Qh7 20. Nxd6+
cxd6 21. c4 c5 22. Nf3 Bc6 23. Nxe5 fxe5 24. Rg3 g4 25. Bc1 Rdg8 26. h4 Rg6
27. Bg5 Rf8 28. Qd2 Re6 29. Qe2 Kc7 30. Rd3 Rf7 31. a3 b6 32. b4 Rd7 33.
bxc5 dxc5 34. Rxd7+ Qxd7 35. Rd1 Rd6 36. Rxd6 Qxd6 37. f3 g3 38. Qd2 Qxd2
39. Bxd2 b5 40. Be1 bxc4 41. Bxg3 c3 42. Bxe5+ Kb6 43. Bxc3 Kb5 44. Bf6 Ka4
45. Bd4 {Black forfeits on time} 1-0

[Event "ICCopen2017"]
[Site "Internet Chess Club"]
[Date "2017.03.25"]
[Round "4"]
[White "EGK"]
[Black "Siryk"]
[Result "0-1"]
[ICCResult "White forfeits on time"]
[WhiteElo "1932"]
[BlackElo "2988"]
[Opening "King's Indian: Torre attack"]
[ECO "A48"]
[NIC "QP.01"]
[Time "14:39:56"]
[TimeControl "180+0"]

1. d4 Nf6 2. Nf3 g6 3. Bg5 Bg7 4. e3 O-O 5. Bd3 d6 6. O-O b6 7. Nbd2 Bb7 8.
c3 c5 9. Qc2 Nc6 10. Rad1 h6 11. Bh4 Rc8 12. dxc5 bxc5 13. e4 g5 14. Bg3 Nh5
15. Nc4 Nxg3 16. hxg3 Qc7 17. Ne3 e6 18. a3 Rfd8 19. Bc4 Qb6 20. Ba2 Ba6 21.
Rfe1 Qc7 22. Rd2 Rb8 23. Red1 Rd7 24. b4 cxb4 25. axb4 Rc8 26. Qa4 Bb7 27.
c4 a6 28. c5 Rcd8 29. Nc4 dxc5 30. Rxd7 Rxd7 31. Rxd7 Qxd7 32. bxc5 Bf8 33.
Na5 Bxc5 {White forfeits on time} 0-1

[Event "ICCopen2017"]
[Site "Internet Chess Club"]
[Date "2017.03.25"]
[Round "4"]
[White "ALexiz"]
[Black "marcos610"]
[Result "1-0"]
[ICCResult "Black forfeits on time"]
[WhiteElo "1630"]
[BlackElo "1158"]
[Opening "Robatsch defense"]
[ECO "A40"]
[NIC "KF.05"]
[Time "14:39:32"]
[TimeControl "180+0"]

1. d4 g6 2. e4 Bg7 3. Nc3 b6 4. Be3 Bb7 5. Bd3 e6 6. Nf3 d6 7. Qd2 d5 8. e5
Ne7 9. Bg5 Nbc6 10. O-O-O h6 11. Bh4 g5 12. Bg3 Qd7 13. Bb5 O-O-O 14. Qe2
Kb8 15. h3 Nf5 16. Bh2 Qc8 17. g4 Nfe7 18. h4 a5 19. Bg3 Na7 20. Bd3 Nec6
21. hxg5 hxg5 22. Nxg5 Rdf8 23. Qe3 Bh6 24. f4 Bxg5 25. fxg5 Rhg8 26. Rh7
Qd7 27. Rdh1 Nb4 28. g6 Nxd3+ 29. Qxd3 Rxg6 30. Qxg6 fxg6 31. Rxd7 Rf3 32.
Bh4 Bc8 33. Rg7 Nc6 34. Bf6 Nxd4 35. Rh8 Rg3 36. Rgg8 Kb7 37. Rxc8 Nf3 38.
b3 Rg1+ 39. Kb2 Nd4 40. Rcd8 Rg2 41. Na4 Rxc2+ 42. Kb1 Re2 43. Rh1 Re1+ 44.
Rxe1 Nf3 45. Rd1 Nd4 46. Rxd4 {Black forfeits on time} 1-0

[Event "ICCopen2017"]
[Site "Internet Chess Club"]
[Date "2017.03.25"]
[Round "4"]
[White "wagnerbi"]
[Black "TricksOnly"]
[Result "0-1"]
[ICCResult "White checkmated"]
[WhiteElo "1994"]
[BlackElo "1974"]
[Opening "Queen's pawn game, Darooha variation "]
[ECO "D02"]
[NIC "QP.08"]
[Time "14:39:35"]
[TimeControl "180+0"]

1. d4 d5 2. Nf3 Nf6 3. g3 Bg4 4. Bg2 Nbd7 5. O-O e6 6. b3 c6 7. c4 Bd6 8.
Bb2 O-O 9. Nbd2 Qe7 10. Qc2 a5 11. e4 dxe4 12. Nxe4 Nxe4 13. Qxe4 Nf6 14.
Qe3 Ba3 15. Bc3 Rfd8 16. Ne5 Bf5 17. h3 h6 18. g4 Bh7 19. Rfe1 Bb4 20. Rac1
Bxc3 21. Rxc3 a4 22. f4 axb3 23. axb3 Ra2 24. g5 hxg5 25. fxg5 Nd7 26. g6
Bxg6 27. Nxg6 fxg6 28. d5 cxd5 29. cxd5 e5 30. Rc7 b6 31. Kh1 Qh4 32. d6 Nf6
33. Qxe5 Qf2 34. Bd5+ Kh7 35. Bb7 Nh5 36. Qe3 Qh2# {White checkmated} 0-1

[Event "ICCopen2017"]
[Site "Internet Chess Club"]
[Date "2017.03.25"]
[Round "4"]
[White "Dupinpon"]
[Black "HouseMorgan"]
[Result "0-1"]
[ICCResult "White resigns"]
[WhiteElo "1602"]
[BlackElo "2004"]
[Opening "Caro-Kann: classical, Spassky variation"]
[ECO "B18"]
[NIC "CK.12"]
[Time "14:39:47"]
[TimeControl "180+0"]

1. e4 c6 2. d4 d5 3. Nd2 dxe4 4. Nxe4 Bf5 5. Ng3 Bg6 6. Nf3 Nd7 7. h4 h6 8.
h5 Bh7 9. Bd3 Bxd3 10. Qxd3 e6 11. Bd2 Ngf6 12. O-O-O Qc7 13. Rhe1 Be7 14.
Kb1 O-O 15. Nf5 exf5 16. Rxe7 Qd6 17. Rde1 Ne4 18. Qa3 c5 19. R7xe4 fxe4 20.
Rxe4 Rfe8 21. Qe3 Rxe4 22. Qxe4 Nf6 23. Qe5 Qxe5 24. dxe5 Ne4 25. Be3 b6 26.
Kc1 Rd8 27. Ne1 Ng5 28. Bxg5 hxg5 29. Nf3 f6 30. exf6 gxf6 31. Ne1 Kf7 32.
Nf3 g4 33. Nh2 f5 34. Nf1 Rh8 35. Ng3 Kf6 36. f4 gxf3 37. gxf3 f4 38. Ne2
Ke5 39. Kd2 Rxh5 40. Nc1 Rh2+ 41. Kc3 Rh3 42. Nd3+ Kf5 43. Ne1 Rh1 44. Kd2
Rh2+ 45. Kc3 Re2 46. Nd3 Re3 47. Kc4 Rxf3 48. Kb5 Rxd3 49. cxd3 f3 50. Ka6
f2 51. Kxa7 f1=Q 52. Kxb6 Qxd3 53. Kxc5 Qc2+ 54. Kd6 Qxb2 {White resigns}
0-1

[Event "ICCopen2017"]
[Site "Internet Chess Club"]
[Date "2017.03.25"]
[Round "4"]
[White "cool64chess"]
[Black "Falstaf"]
[Result "0-1"]
[ICCResult "White resigns"]
[WhiteElo "2155"]
[BlackElo "2892"]
[Opening "King's Indian: Sämisch, Panno formation"]
[ECO "E83"]
[NIC "KI.36"]
[Time "14:39:26"]
[TimeControl "180+0"]

1. d4 Nf6 2. c4 g6 3. Nc3 Bg7 4. e4 O-O 5. f3 d6 6. Be3 Nc6 7. Nge2 a6 8.
Qd2 Bd7 9. g4 b5 10. O-O-O Qb8 11. h4 h5 12. gxh5 Nxh5 13. Bh6 e5 14. Bxg7
Kxg7 15. f4 Bg4 16. fxe5 dxe5 17. Qg5 Bf3 18. Rg1 exd4 19. Nxd4 Nxd4 20.
Rxd4 Qb6 21. c5 Qf6 22. Qxf6+ Nxf6 23. Be2 Bxe2 24. Nxe2 Rad8 25. Rgd1 Rxd4
26. Rxd4 Re8 27. Nc3 Re5 28. b4 Kf8 29. Rd8+ Ke7 30. Rc8 Kd7 31. Rf8 Nxe4
32. Nxe4 Rxe4 33. Rxf7+ Kc8 34. Rf6 Rxb4 35. Rxg6 Rxh4 36. Rxa6 Rc4+ 37. Kb2
Rxc5 38. Rg6 Kb7 39. Kb3 Rh5 40. a4 Rh3+ 41. Kb4 bxa4 42. Kxa4 c6 43. Kb4
Kb6 44. Rf6 Rh4+ 45. Kc3 Rh5 46. Rg6 Rc5+ 47. Kb4 Rd5 48. Kc4 Rh5 49. Rf6
Rh4+ 50. Kc3 Kb5 51. Rf5+ c5 52. Rf8 Rh3+ 53. Kc2 Ra3 54. Kb2 Re3 55. Kc2
Kb4 56. Rf4+ c4 57. Rf8 Re2+ 58. Kd1 Rh2 59. Kc1 Kb3 60. Kd1 Rh1+ 61. Kd2
c3+ 62. Kd3 Rd1+ 63. Ke2 Rd7 64. Rb8+ Kc2 65. Rc8 Kb2 {White resigns} 0-1

[Event "ICCopen2017"]
[Site "Internet Chess Club"]
[Date "2017.03.25"]
[Round "4"]
[White "TheRocket"]
[Black "oli2"]
[Result "1/2-1/2"]
[ICCResult "Game drawn because neither player has mating material"]
[WhiteElo "2153"]
[BlackElo "1627"]
[Opening "Sicilian defense"]
[ECO "B40"]
[NIC "SI.43"]
[Time "14:38:55"]
[TimeControl "180+0"]

1. e4 c5 2. Nf3 e6 3. Nc3 Nc6 4. Bb5 Nd4 5. O-O Nxb5 6. Nxb5 d6 7. d3 a6 8.
Nc3 g6 9. Be3 Bg7 10. Qd2 Ne7 11. Bh6 O-O 12. Bxg7 Kxg7 13. h4 e5 14. h5 f6
15. hxg6 hxg6 16. g3 Bg4 17. Kg2 Qd7 18. Rh1 Rh8 19. Nh4 g5 20. f3 gxh4 21.
fxg4 Qxg4 22. Qe3 Ng6 23. Nd5 hxg3 24. Qxg3 Qe2+ 25. Qf2 Nh4+ 26. Kg3 Qxf2+
27. Kxf2 Ng6 28. Rhg1 Kf7 29. Rg2 Rh6 30. Rag1 Rah8 31. a4 Rh2 32. a5 Rxg2+
33. Rxg2 Rh1 34. c3 Rb1 35. b4 cxb4 36. cxb4 Rb2+ 37. Kf3 Rxg2 38. Kxg2 Ne7
39. Nb6 Nc6 40. Nd5 Ne7 41. Nc3 Ke6 42. Kf3 d5 43. b5 d4 44. bxa6 dxc3 45.
a7 c2 46. a8=Q c1=Q 47. Qxb7 Qf1+ 48. Kg3 Qe1+ 49. Kf3 Qxa5 50. Qb3+ Kd6 51.
Qc4 Qc5 52. Qa6+ Nc6 53. Qb7 Nd4+ 54. Kg4 Qc7 55. Qa8 Qd7+ 56. Kh5 Qf7+ 57.
Kh6 f5 58. Qa6+ Ke7 59. Qb7+ Ke6 60. Qb6+ Kd7 61. exf5 Qxf5 62. Qb7+ Kd6 63.
Qb8+ Ke6 64. Qc8+ Kd6 65. Qd8+ Ke6 66. Qb6+ Ke7 67. Qc5+ Ke6 68. Qc8+ Ke7
69. Qg8 Qh3+ 70. Kg7 Qg4+ 71. Kh8 Qxg8+ 72. Kxg8 Ne2 73. Kg7 Nf4 74. d4 Ne2
75. dxe5 Ke6 76. Kg6 Kxe5
{Game drawn because neither player has mating material}
1/2-1/2

[Event "ICCopen2017"]
[Site "Internet Chess Club"]
[Date "2017.03.25"]
[Round "4"]
[White "Colombiano07"]
[Black "Chamanx"]
[Result "1-0"]
[ICCResult "Black checkmated"]
[WhiteElo "1993"]
[BlackElo "1454"]
[Opening "KGA: bishop's gambit, Bledow variation"]
[ECO "C33"]
[NIC "KG.03"]
[Time "14:40:29"]
[TimeControl "180+0"]

1. e4 e5 2. f4 exf4 3. Bc4 d5 4. exd5 Qh4+ 5. Kf1 Bc5 6. d4 Bb6 7. Nf3 Qf6
8. Nc3 Bg4 9. Ne4 Qg6 10. Bd3 f5 11. Nf2 Bxf3 12. Qxf3 Bxd4 13. Qxf4 Bxf2
14. Kxf2 Nf6 15. Re1+ Kf7 16. Bxf5 Qh5 17. Be6+ Kf8 18. Bd2 Na6 19. Kg1 Re8
20. c4 Qh6 21. Qxh6 gxh6 22. Bxh6+ Ke7 23. Bg5 Rhf8 24. Rf1 Kd6 25. Rxf6
Rxf6 26. Bxf6 Rf8 27. Rf1 Nc5 28. Be5+ Ke7 29. Rxf8 Kxf8 30. Bxc7 Nd3 31. d6
Nc5 32. d7 Nxe6 33. d8=Q+ Nxd8 34. Bxd8 Ke8 35. Ba5 b6 36. Bc3 Kd7 37. Kf2
Kc6 38. Kf3 Kc5 39. b3 a5 40. Kg4 a4 41. Kh5 axb3 42. axb3 b5 43. cxb5 Kxb5
44. Kh6 Kc5 45. Kxh7 Kd5 46. Kg6 Kc5 47. h4 Kd5 48. h5 Kc5 49. h6 Kd5 50. h7
Kc5 51. h8=Q Kd5 52. Qe5+ Kc6 53. Kf6 Kb7 54. Kf5 Ka8 55. Ke4 Kb7 56. g4 Ka8
57. g5 Kb7 58. g6 Ka8 59. g7 Kb7 60. g8=Q Ka6 61. Qg6+ Kb7 62. Qeg7+ Ka8 63.
Qe8# {Black checkmated} 1-0

[Event "ICCopen2017"]
[Site "Internet Chess Club"]
[Date "2017.03.25"]
[Round "4"]
[White "Tui"]
[Black "Aravind"]
[Result "0-1"]
[ICCResult "White resigns"]
[WhiteElo "1826"]
[BlackElo "2206"]
[Opening "English: Anglo-Dutch defense"]
[ECO "A10"]
[NIC "HD.14"]
[Time "14:39:22"]
[TimeControl "180+0"]

1. c4 f5 2. Nc3 Nf6 3. d3 d6 4. Bg5 e5 5. g3 c6 6. Bg2 Be7 7. Nf3 O-O 8. O-O
Nbd7 9. Rb1 Qe8 10. b4 h6 11. Bd2 d5 12. b5 e4 13. Nd4 Ne5 14. bxc6 bxc6 15.
cxd5 cxd5 16. Qb3 Qf7 17. Bf4 Ng6 18. dxe4 Nxf4 19. gxf4 fxe4 20. Nxd5 Nxd5
21. Bxe4 Nxf4 22. Qxf7+ Kxf7 23. Bxa8 Bh3 24. Bf3 Bxf1 25. Kxf1 Bc5 26. Rb7+
Kf6 27. e3 Bxd4 28. exd4 Rf7 29. Rxf7+ Kxf7 30. Ke1 Ke7 31. Kd2 Nh3 32. Ke3
Kd6 33. Bg4 Ng5 34. h4 Nf7 35. Kf4 Kd5 36. Bh5 Nd6 37. Ke3 Nf5+ 38. Kd3 Nxh4
39. Bf7+ Kd6 40. d5 Nf5 41. Be6 Ne7 42. Ke4 g6 43. a4 a5 44. f4 h5 45. f5
gxf5+ 46. Bxf5 Nxd5 47. Bg6 Kc5 48. Be8 Nf6+ 49. Kf5 Nxe8 50. Kg5 Kb4 51.
Kxh5 Kxa4 52. Kg4 Kb3 53. Kf5 a4 {White resigns} 0-1

[Event "ICCopen2017"]
[Site "Internet Chess Club"]
[Date "2017.03.25"]
[Round "4"]
[White "ARMCOMPOSER"]
[Black "devotional"]
[Result "1-0"]
[ICCResult "Black forfeits on time"]
[WhiteElo "2984"]
[BlackElo "2062"]
[Opening "Four knights: Scotch, 4...exd4"]
[ECO "C47"]
[NIC "RG.01"]
[Time "14:40:02"]
[TimeControl "180+0"]

1. e4 e5 2. Nf3 Nf6 3. Nc3 Nc6 4. d4 exd4 5. Nxd4 Bb4 6. Nxc6 bxc6 7. Bd3 d5
8. exd5 O-O 9. O-O cxd5 10. h3 c6 11. Qf3 Bd6 12. Re1 Rb8 13. b3 h6 14. Ne2
Be5 15. Bf4 Re8 16. Rad1 a5 17. c4 Qd6 18. Bxe5 Qxe5 19. cxd5 cxd5 20. Qf4
Bd7 21. Qxe5 Rxe5 22. Nd4 Rxe1+ 23. Rxe1 a4 24. Rb1 Ne4 25. bxa4 Rxb1+ 26.
Bxb1 Bxa4 27. Bxe4 dxe4 28. Kf1 g6 29. Ke2 f5 30. Ke3 Kg7 31. Ne6+ Kf6 32.
Nc5 Bd1 33. Kd4 Ke7 34. Ke5 Bc2 35. h4 Kd8 36. g3 g5 37. hxg5 hxg5 38. Ne6+
Ke7 39. Nxg5 Ba4 40. Kxf5 {Black forfeits on time} 1-0

[Event "ICCopen2017"]
[Site "Internet Chess Club"]
[Date "2017.03.25"]
[Round "4"]
[White "Chigorinetz"]
[Black "Dodgy"]
[Result "0-1"]
[ICCResult "White checkmated"]
[WhiteElo "1696"]
[BlackElo "1982"]
[Opening "Bishop's opening: Berlin defense"]
[ECO "C24"]
[NIC "IG.04"]
[Time "14:39:55"]
[TimeControl "180+0"]

1. e4 e5 2. Bc4 Nf6 3. d3 c6 4. Nf3 d5 5. Bb3 Bd6 6. Nc3 Bb4 7. O-O d4 8.
Ne2 Qc7 9. c3 dxc3 10. bxc3 Be7 11. d4 exd4 12. e5 Nd5 13. cxd4 O-O 14. Ng3
Na6 15. Ng5 Bxg5 16. Bxg5 h6 17. Bxh6 gxh6 18. Qh5 Kg7 19. Rae1 Qe7 20. f4
f5 21. exf6+ Qxf6 22. f5 Qxd4+ 23. Kh1 Qf6 24. Ne4 Qf7 25. Qh4 Bxf5 26. Nd6
Qd7 27. Bxd5 Qxd6 28. Re7+ Kh8 29. Bc4 Bh7 30. Rfe1 Nc5 31. h3 Nd3 32. R1e6
Rf1# {White checkmated} 0-1

[Event "ICCopen2017"]
[Site "Internet Chess Club"]
[Date "2017.03.25"]
[Round "4"]
[White "mongmong"]
[Black "achessman"]
[Result "0-1"]
[ICCResult "White resigns"]
[WhiteElo "1377"]
[BlackElo "1740"]
[Opening "Queen's pawn game"]
[ECO "D05"]
[NIC "QP.08"]
[Time "14:40:44"]
[TimeControl "180+0"]

1. d4 d5 2. Nf3 Nf6 3. e3 e6 4. Bd3 b6 5. Nbd2 Bb7 6. O-O Nbd7 7. c3 Bd6 8.
Qe2 O-O 9. e4 dxe4 10. Nxe4 Nxe4 11. Bxe4 Bxe4 12. Qxe4 Nf6 13. Qe2 c5 14.
dxc5 Bxc5 15. Bg5 Be7 16. Rfd1 Qc7 17. Bxf6 Bxf6 18. Rd3 Rfd8 19. Rad1 h6
20. Rxd8+ Rxd8 21. Rxd8+ Qxd8 22. Qd2 Qc7 23. h3 Kf8 24. Qd3 Ke7 25. Nd2 g6
26. Ne4 Be5 27. Nd2 Qc5 28. Nf3 Bb8 29. c4 Qb4 30. b3 Qa5 31. Qd2 Qf5 32.
Qe2 Qb1+ 33. Ne1 Bd6 34. Kf1 Bb4 35. f3 Bxe1 36. Qxe1 Qxa2 37. Qe3 Qb1+ 38.
Kf2 Qc2+ 39. Kg3 Qf5 40. Qd4 h5 41. b4 a5 42. bxa5 Qxa5 43. Qh4+ f6 44. Qd4
Qc5 45. Qd3 Qd6+ 46. Qxd6+ Kxd6 47. Kf4 Kc5 48. g4 hxg4 49. hxg4 Kxc4 50. g5
fxg5+ 51. Kxg5 Kd4 52. Kxg6 e5 53. Kf5 b5 {White resigns} 0-1

[Event "ICCopen2017"]
[Site "Internet Chess Club"]
[Date "2017.03.25"]
[Round "4"]
[White "Aladdin"]
[Black "SPARNALIQ"]
[Result "0-1"]
[ICCResult "White checkmated"]
[WhiteElo "2323"]
[BlackElo "3005"]
[Opening "Ruy Lopez: Berlin defense"]
[ECO "C65"]
[NIC "RL.07"]
[Time "14:39:56"]
[TimeControl "180+0"]

1. e4 e5 2. Nf3 Nc6 3. Bb5 Nf6 4. d3 Bc5 5. O-O Nd4 6. Nxd4 Bxd4 7. c3 Bb6
8. Nd2 c6 9. Ba4 d6 10. Nc4 Bc7 11. Ne3 O-O 12. h3 Re8 13. Qf3 b5 14. Bb3 a5
15. a4 b4 16. Nf5 bxc3 17. bxc3 Rb8 18. Ba2 Bxf5 19. Qxf5 Qd7 20. Qf3 Bd8
21. g4 h6 22. Kh2 Nh7 23. Qf5 Qxf5 24. gxf5 Kf8 25. Ba3 Ke7 26. Rab1 Bc7 27.
Kg2 Nf6 28. Rxb8 Rxb8 29. Rb1 Nd7 30. Rxb8 Bxb8 31. Kf3 Ba7 32. Bb2 Nc5 33.
d4 Nxa4 34. Ba1 Nb6 35. Ke3 Nd7 36. f4 c5 37. fxe5 cxd4+ 38. cxd4 dxe5 39.
Kd3 Bxd4 40. Bxd4 exd4 41. Kxd4 Kf6 42. Kc4 Ne5+ 43. Kb5 Nf3 44. Bd5 h5 45.
Kxa5 Ng5 46. h4 Nf3 47. e5+ Nxe5 48. Be4 Nc4+ 49. Kb4 Nd6 50. Bf3 Nxf5 51.
Bxh5 Nxh4 52. Kc3 g6 53. Bd1 Kg5 54. Kd4 f5 55. Ke3 f4+ 56. Kf2 Nf5 57. Kf3
Nd4+ 58. Ke4 Ne6 59. Kf3 Kf6 60. Kg4 g5 61. Bc2 Nf8 62. Bd3 Ng6 63. Bc2 Ne5+
64. Kh5 f3 65. Bd1 f2 66. Be2 Kf5 67. Bf1 Kf4 68. Be2 g4 69. Bf1 g3 70. Kh4
Nf3+ 71. Kh3 Nh2 72. Bg2 f1=Q 73. Bxf1 Nxf1 74. Kg2 Ne3+ 75. Kg1 Kf3 76. Kh1
Ng4 77. Kg1 Nf2 78. Kf1 Nh3 79. Ke1 g2 80. Kd2 g1=Q 81. Kc2 Qe3 82. Kb1 Nf4
83. Kc2 Qd3+ 84. Kc1 Ke3 85. Kb2 Kd4 86. Kc1 Kc4 87. Kb2 Qd2+ 88. Ka1 Kb3
89. Kb1 Qd1# {White checkmated} 0-1

[Event "ICCopen2017"]
[Site "Internet Chess Club"]
[Date "2017.03.25"]
[Round "4"]
[White "Kusox"]
[Black "PeterOsgood"]
[Result "1-0"]
[ICCResult "Black resigns"]
[WhiteElo "2152"]
[BlackElo "1770"]
[Opening "Queen's pawn: Keres defense"]
[ECO "A40"]
[NIC "QO.17"]
[Time "14:40:28"]
[TimeControl "180+0"]

1. d4 e6 2. c4 b6 3. Nf3 Bb7 4. g3 f5 5. Bg2 Nf6 6. O-O Be7 7. Nc3 O-O 8.
Ne5 Bxg2 9. Kxg2 d6 10. Nd3 Qd7 11. e3 Qc6+ 12. Qf3 Qxf3+ 13. Kxf3 Nbd7 14.
Nf4 e5 15. Nfd5 Nxd5 16. Nxd5 Bd8 17. Bd2 c6 18. Nb4 Rc8 19. Rac1 a5 20. Nc2
e4+ 21. Ke2 d5 22. cxd5 cxd5 23. Na3 Be7 24. Nb5 Kf7 25. a3 Ke6 26. h4 h5
27. b4 axb4 28. Nc7+ Kd6 29. Bxb4+ Nc5 30. dxc5+ Kxc7 31. cxb6+ Kd7 32. Bxe7
Kxe7 33. Rxc8 Rxc8 34. Rb1 Kd6 35. a4 Kc6 36. Rc1+ {Black resigns} 1-0

[Event "ICCopen2017"]
[Site "Internet Chess Club"]
[Date "2017.03.25"]
[Round "4"]
[White "Hashimof"]
[Black "topotun"]
[Result "0-1"]
[ICCResult "White forfeits on time"]
[WhiteElo "1965"]
[BlackElo "2895"]
[Opening "Sicilian defense"]
[ECO "B44"]
[NIC "SI.39"]
[Time "14:40:21"]
[TimeControl "180+0"]

1. e4 c5 2. Nf3 e6 3. d4 cxd4 4. Nxd4 Nc6 5. Be3 Qc7 6. Nb5 Qb8 7. N1c3 a6
8. Nd4 Nf6 9. a3 Qc7 10. Be2 Be7 11. O-O O-O 12. Qd2 d6 13. f4 Nxd4 14. Bxd4
b5 15. Bf3 Bb7 16. Rae1 Rac8 17. Qf2 Bc6 18. e5 dxe5 19. Bxe5 Qb7 20. Qg3 g6
21. Qg5 Ne8 22. Qh6 f6 23. Bd4 Ng7 24. Bxc6 Rxc6 25. Qh3 a5 26. Re2 Rfc8 27.
Rff2 Nf5 28. Qd3 Nxd4 29. Qxd4 Bc5 30. Qxf6 Qf7 {White forfeits on time} 0-1

[Event "ICCopen2017"]
[Site "Internet Chess Club"]
[Date "2017.03.25"]
[Round "4"]
[White "cloak1"]
[Black "playwaycool"]
[Result "1-0"]
[ICCResult "Black checkmated"]
[WhiteElo "1880"]
[BlackElo "2234"]
[Opening "QGD semi-Slav: anti-Meran gambit"]
[ECO "D44"]
[NIC "SL.07"]
[Time "14:39:55"]
[TimeControl "180+0"]

1. d4 d5 2. Nf3 c6 3. c4 Nf6 4. Nc3 e6 5. Bg5 dxc4 6. e4 b5 7. e5 h6 8. Bh4
g5 9. Nxg5 hxg5 10. Bxg5 Nbd7 11. exf6 Bb7 12. g3 Qb6 13. Bg2 c5 14. d5
O-O-O 15. O-O b4 16. dxe6 Bxg2 17. Kxg2 bxc3 18. e7 Qc6+ 19. f3 Re8 20.
exf8=Q Rhxf8 21. bxc3 Ne5 22. Rb1 Nd3 23. Qd2 Re5 24. Bf4 Nxf4+ 25. Qxf4 Qe6
26. Rf2 Rh8 27. h4 Re8 28. Qc1 Re2 29. Rb2 Rxf2+ 30. Rxf2 Qxf6 31. Qa3 Qb6
32. Rb2 Qc7 33. Qa4 Rg8 34. g4 Rh8 35. h5 f5 36. Qxc4 fxg4 37. Qxg4+ Kd8 38.
Rd2+ Ke8 39. Qe6+ Kf8 40. Qf6+ Kg8 41. Rd5 Rh7 42. Rd8+ Qxd8 43. Qxd8+ Kg7
44. Qc7+ Kh6 45. Qxc5 Rg7+ 46. Kf2 Rg5 47. Qxg5+ Kxg5 48. Ke3 Kxh5 49. Ke4
Kg6 50. Ke5 Kf7 51. f4 Ke7 52. Kf5 a5 53. Kg5 Kf7 54. f5 a4 55. f6 a3 56.
Kf5 Kf8 57. Ke6 Ke8 58. c4 Kd8 59. c5 Kc7 60. f7 Kc6 61. f8=Q Kb5 62. Qd6
Kb4 63. c6+ Kc3 64. c7 Kb2 65. c8=Q Kxa2 66. Qc2+ Ka1 67. Qxa3#
{Black checkmated}
1-0

[Event "ICCopen2017"]
[Site "Internet Chess Club"]
[Date "2017.03.25"]
[Round "4"]
[White "halski"]
[Black "ZavenGrozny"]
[Result "0-1"]
[ICCResult "White forfeits on time"]
[WhiteElo "2407"]
[BlackElo "3136"]
[Opening "English: symmetrical, Benoni formation"]
[ECO "A31"]
[NIC "EO.46"]
[Time "14:39:20"]
[TimeControl "180+0"]

1. d4 Nf6 2. Nf3 c5 3. c4 cxd4 4. Nxd4 Nc6 5. g3 Qb6 6. Nc2 Ne5 7. Ne3 e6 8.
Bg2 h5 9. O-O h4 10. Nc3 hxg3 11. hxg3 Be7 12. b3 d6 13. Ba3 Bd7 14. Rc1 Bc6
15. Nb5 Rd8 16. Qd4 Qxd4 17. Nxd4 Bxg2 18. Kxg2 a6 19. Rfd1 Nfg4 20. Nxg4
Nxg4 21. Rh1 Kd7 22. e3 Ne5 23. Rcd1 Kc7 24. Nf3 Ng4 25. Bb2 Rxh1 26. Rxh1
Bf6 27. Bxf6 Nxf6 28. Ng5 Rd7 29. Rh8 d5 30. cxd5 Nxd5 31. Rf8 Nc3 32. a4 f6
33. Nxe6+ Kb6 34. Rg8 Rd2 35. Rxg7 Nd1 36. Kf1 Nxf2 37. Nf4 Ne4 38. Ke1 Rb2
39. Re7 f5 40. Re6+ Kc7 41. Nd5+ Kd7 42. Rb6 Nxg3 43. Kd1 Ne4 44. Kc1 Re2
45. a5 Kc8 46. b4 Rh2 47. Re6 Kd7 48. Re5 Kd6 49. Rxf5 Ke6 50. Ne7 Nc3 51.
Rc5 Na2+ 52. Kb1 Kxe7 53. Rc7+ Kd6 54. Rxb7 Nc3+ 55. Kc1 Kd5 56. Rb6 Ne2+
57. Kd1 Nc3+ 58. Ke1 Kc4 59. Kf1 Kd3 {White forfeits on time} 0-1

[Event "ICCopen2017"]
[Site "Internet Chess Club"]
[Date "2017.03.25"]
[Round "4"]
[White "charlestehace"]
[Black "Koval"]
[Result "1/2-1/2"]
[ICCResult "Game drawn by repetition"]
[WhiteElo "3085"]
[BlackElo "1963"]
[Opening "Nimzo-Indian: Fischer variation, 5.Ne2"]
[ECO "E44"]
[NIC "NI.13"]
[Time "14:39:47"]
[TimeControl "180+0"]

1. d4 Nf6 2. c4 e6 3. Nc3 Bb4 4. e3 b6 5. Ne2 Bb7 6. a3 Be7 7. Ng3 d6 8. e4
Nbd7 9. Be2 c5 10. d5 e5 11. Nf5 Bf8 12. h4 g6 13. Nh6 Ng8 14. Nxg8 Rxg8 15.
Bg5 f6 16. Be3 Be7 17. Bg4 Nf8 18. h5 Bc8 19. hxg6 hxg6 20. Qf3 Bxg4 21.
Qxg4 Qd7 22. Qe2 O-O-O 23. O-O-O f5 24. g3 Kb8 25. Kb1 Qb7 26. Ka1 Nd7 27.
Qc2 Rdf8 28. Rh7 Nf6 29. Rhh1 Rh8 30. exf5 gxf5 31. Rxh8 Rxh8 32. Qxf5 a6
33. Bg5 Rf8 34. Qe6 Ka7 35. Bh6 Rg8 36. Qf7 Rg4 37. Bg7 Ne4 38. Na2 Ng5 39.
Qf5 Rxc4 40. f4 exf4 41. gxf4 Ne4 42. Re1 Bh4 43. Rg1 Ng3 44. Qh7 Qe7 45. f5
Bf6 46. Qg6 Bxg7 47. Qxg3 Be5 48. Qg6 Rc2 49. Rb1 Qf6 50. Qh7+ Ka8 51. Qg8+
Kb7 52. Qh7+ Kc8 53. Qg8+ Kd7 54. Qh7+ Kc8 55. Qg8+ Kb7 56. Qh7+ Kc8
{Game drawn by repetition}
1/2-1/2